 Dungeon Sprint DCSS version 0.29.1-2-gbd0b4ee654 (webtiles) character file.

Game seed: 11138054963741251947

162 boopmooplesden the Basher (level 5, -2/56 HPs)
             Began as a Minotaur Berserker on Nov 22, 2022.
             Was a Priest of Trog.
             Slain by a human (8 damage)
             ... in the Dungeon (Sprint III: "The Ten Rune Challenge").
             The game lasted 00:01:01 (686 turns).

boopmooplesden the Basher (Minotaur Berserker)       Turns: 686, Time: 00:01:02

Health: -2/56      AC:  4    Str: 23    XL:     5   Next: 19%
Magic:  4/4        EV: 13    Int:  4    God:    Trog [***...]
Gold:   30         SH:  0    Dex: 10    Spells: 4/4 levels left

rFire   . . .      SeeInvis .   a - +0 mace
rCold   . . .      Faith    .   (no shield)
rNeg    . . .      Spirit   .   b - +0 animal skin
rPois   .          Reflect  .   (helmet unavailable)
rElec   .          Harm     .   i - +1 cloak
rCorr   .          Rampage  .   (no gloves)
Will    ++...      Clarity  +   (no boots)
Stlth   ++........ NoTele   +   (no amulet)
HPRegen 1.18/turn               (no ring)
MPRegen 0.09/turn               (no ring)

@: strong-willed, on berserk cooldown, regenerating, slowed, very slow
A: horns 3, retaliatory headbutt, camouflage 1, clarity
a: Renounce Religion, Berserk, Trog's Hand


You were in the Dungeon.
You worshipped Trog.
Trog was most pleased with you.
You visited 1 branch You collected 30 gold pieces.

Inventory:

Hand Weapons
 a - a +0 mace (weapon)
Armour
 b - a +0 animal skin (worn)
 i - a +1 cloak (worn)
Scrolls
 h - a scroll of blinking
 k - a scroll of torment {unknown}
 l - 2 scrolls of identify
 n - a scroll of poison {unknown}
 o - a scroll of vulnerability {unknown}
Potions
 c - a potion of curing
 d - 2 potions of heal wounds
 e - a potion of haste
 f - 2 potions of magic
 g - 2 potions of berserk rage
 j - a potion of mutation
 m - a potion of ambrosia {unknown}
 p - a potion of flight {unknown}


   Skills:
 + Level 8.5 Fighting
 + Level 9.0 Maces & Flails
 + Level 4.4 Armour
 + Level 4.6 Dodging


You had 4 spell levels left.
You didn't know any spells.
Your spell library was empty.

Dungeon Overview and Level Annotations

Branches:
Dungeon (1/1)

Altars:
Dithmenos
Okawaru
Ru
Trog
Uskayaw
Wu Jian
Yredelemnul


Innate Abilities, Weirdness & Mutations

You have a pair of large horns on your head.
You reflexively headbutt those who attack you in melee.
Your skin changes colour to match your surroundings (Stealth+).
You possess an exceptional clarity of mind.


Message History

a +0 dagger; a +0 robe; a human corpse
There is an open door here.
You start resting.
HP restored.
You feel a genetic drift. The horns on your head grow some more.
You no longer feel a hidden potential within.
You open the door.
A human comes into view.
Found a robe.
Found five altars.
You're still recovering from your berserk rage.
A human comes into view.
Found a sling.
The human shouts! x2
The human drinks a potion.
The human seems to grow stronger.
There is an open door here.
The human misses you.
You're still recovering from your berserk rage.
Your skin crawls.
You feel strong-willed.
The human drinks a potion.
The human goes berserk!
You hit the human.
The human is lightly wounded.
The human barely misses you. You furiously retaliate!
You headbutt the human! The human hits you! x2
You hit the human but do no damage. Your headbutt misses the human.
The human is moderately wounded.
The human misses you. The human hits you! The human misses you.
You furiously retaliate!
You headbutt the human. The human closely misses you. You furiously retaliate!
You headbutt the human. You closely miss the human.
The human is moderately wounded.
The human hits you! The human closely misses you. The human hits you!
* * * LOW HITPOINT WARNING * * *
The human hits you.
* * * LOW HITPOINT WARNING * * *
You sock the human!
The human is heavily wounded.
The human closely misses you. x2; You furiously retaliate!
You headbutt the human! The human hits you!
You die...

▓▓▓▓ ▓▓▓ .♣.♣ ♣.#
######## ..♣♣♣ ♣♣.#
#___#__# ....♣ ..#
#__p#)_# ..~.♣
♣.###+#'###'##
.~~.♣♣♣♣.#.....p@...#
~~~~♣..♣.'.⌠...p....#
~≈≈~~~.♣.#...######+#
~≈~~~....#.⌠.#
≈~~~.....#...#
~~.......#+###
.........# .........#
▓▓▓▓▓▓▓▓▓▓


You could see 2 humans.

Vanquished Creatures
  A necrophage (D)
  A water elemental (D)
  A necromancer (D)
  A human (D)
  A phantom (D)
  An endoplasm (D)
  3 rats (D)
9 creatures vanquished.

Notes
Turn   | Place    | Note
-------+----------+-------------------------------------------
     0 | D        | boopmooplesden the Minotaur Berserker began the quest for
                  | the Orb.
     0 | D        | Reached XP level 1. HP: 19/19 MP: 0/0
    10 | D        | Reached skill level 4 in Maces & Flails
   269 | D        | Reached ** piety under Trog
   294 | D        | Reached skill level 5 in Fighting
   294 | D        | Reached skill level 5 in Maces & Flails
   294 | D        | Reached XP level 2. HP: 29/29 MP: 1/1
   404 | D        | Gained mutation: You have hidden genetic potential. [potion
                  | of mutation]
   404 | D        | Gained mutation: You possess an exceptional clarity of
                  | mind. [potion of mutation]
   516 | D        | Noticed a water elemental
   519 | D        | Killed a water elemental
   519 | D        | Reached *** piety under Trog
   520 | D        | Reached skill level 7 in Maces & Flails
   520 | D        | Reached XP level 3. HP: 38/38 MP: 2/2
   520 | D        | Reached XP level 4. HP: 45/45 MP: 3/3
   529 | D        | Gained mutation: Your skin changes colour to match your
                  | surroundings (Stealth+). [hidden potential]
   659 | D        | Found a basalt altar of Yredelemnul.
   659 | D        | Found a shadowy altar of Dithmenos.
   659 | D        | Found a sacrificial altar of Ru.
   659 | D        | Noticed a necrophage
   661 | D        | Killed a necrophage
   662 | D        | Reached skill level 8 in Maces & Flails
   662 | D        | Reached XP level 5. HP: 53/53 MP: 4/4
   666 | D        | Reached skill level 9 in Maces & Flails
   677 | D        | Gained mutation: You have a pair of large horns on your
                  | head. [hidden potential]
   677 | D        | Lost mutation: You have hidden genetic potential. [hidden
                  | potential expressed]
   678 | D        | Found a hide-covered altar of Uskayaw.
   678 | D        | Found an iron altar of Okawaru.
   678 | D        | Found a bloodstained altar of Trog.
   678 | D        | Found an ornate altar of the Wu Jian Council.
   678 | D        | Noticed a human
   679 | D        | Noticed a human
   686 | D        | Slain by a human

Illustrated notes

Levels and vault maps discovered:
D:        dungeon_sprint_mu [sprint_mu_entry_forest, sprint_mu_temple_rooms,
          sprint_mu_d1_spiders, sprint_mu_d2_genie, sprint_mu_d3_branching,
          sprint_mu_orc_legion, sprint_mu_elf_gauntlet, sprint_mu_hive_nellie,
          sprint_mu_lair_fedhas, sprint_mu_vaults_butterflies,
          sprint_mu_slime_circle, sprint_mu_shoals_archi,
          sprint_mu_snake_twists, sprint_mu_blade_basic, sprint_mu_crypt_lich,
          sprint_mu_tomb_spiral, sprint_mu_vestibule_basic,
          sprint_mu_gehenna_hellfire, sprint_mu_dis_giant,
          sprint_mu_tartarus_statrot, sprint_mu_cocytus_islands, sprint_mu_zot1]

Skill      XL: |  1  2  3  4  5 |
---------------+----------------+-----
Fighting       | 5 6 8 |  8.5
Maces & Flails | 5 7 8 9 |  9.0
Armour         | 3 4 |  4.4
Dodging        | 3 4 |  4.6

Action                   |  1- 3 |  4- 6 || total
-------------------------+-------+-------++-------
Melee: Mace              |    20 |     8 ||    28
       Headbutt          |     4 |     1 ||     5
Invok: Berserk           |     2 |     1 ||     3
       Trog's Hand       |       |     1 ||     1
  Use: Potion            |     1 |       ||     1
Armor: Animal skin       |     4 |       ||     4
Dodge: Dodged            |     4 |     8 ||    12
